Cogmind - Beta 16 @@@ ROGUE MODE // 2025.12.01 @ 21:05:41 Player: GLC Result: Destroyed by G-34 Mercenary with Small Laser Performance ------------- Evolutions (1) 500 Regions Visited (2) 400 Robots Destroyed (36) 180 Value Destroyed (549) 549 Prototype IDs (1) 20 Alien Tech Used (0) 0 Bonus (0) 0 TOTAL SCORE: 1649 Bonus ------- None Cogmind --------- Core Integrity 0/400 Matter 293/300 Energy 67/100 System Corruption 0% Temperature Cool (12) Movement Rolling (80) Location -9/Materials Parts ------- > --- POWER (1) -------- (None) > --- PROPULSION (3) --- Wheel Wheel > --- UTILITY (3) ------ Medium Storage Unit Signal Interpreter Targeting Computer > --- WEAPON (2) ------- Advanced Beam Cannon > --- INVENTORY (10) --- Wheel Small Storage Unit Sensor Array Sensor Array Beam Rifle Advanced Beam Cannon Peak State ------------ > --- POWER ------------ Light Nuclear Core > --- PROPULSION ------- Wheel Wheel Wheel > --- UTILITY ---------- Medium Storage Unit Sensor Array Targeting Computer > --- WEAPON ----------- Advanced Beam Cannon Advanced Beam Cannon > --- INVENTORY -------- Ion Engine Light Ion Engine Wheel Wheel Improved Heat Sink Small Storage Unit Sensor Array Advanced Beam Cannon Light Assault Rifle Rocket Launcher [Rating: 16] Favorites ----------- Power Ion Engine Engine Ion Engine Power Core Light Nuclear Core Propulsion Wheel Treads Light Treads Wheel Wheel Utility Medium Storage Unit Device Sensor Array Storage Medium Storage Unit Processor Targeting Computer Weapon Medium Laser Energy Gun Medium Laser Energy Cannon Advanced Beam Cannon Ballistic Gun Light Assault Rifle Ballistic Cannon Light Cannon Launcher Rocket Launcher Special Weapon Plasma Cutter Build | -11 -10 -9 ------- Run | Yrd Mat Mat Slots Evolved 2 | . . 2 Power . | . . . Propulsion 1 | . . 1 Utility 1 | . . 1 Weapon . | . . . Parts Attached 38 | 7 15 16 Power 6 | 1 2 3 Engine 5 | 1 1 3 Core 1 | . 1 . Reactor . | . . . Propulsion 12 | 2 4 6 Treads 1 | . . 1 Leg . | . . . Wheel 11 | 2 4 5 Hover . | . . . Flight . | . . . Utility 9 | 2 4 3 Device 4 | 1 2 1 Storage 3 | 1 2 . Processor 2 | . . 2 Hackware . | . . . Protection . | . . . Artifact . | . . . Weapon 11 | 2 5 4 Energy Gun 3 | 1 1 1 Energy Cannon 3 | . . 3 Ballistic Gun 2 | 1 1 . Ballistic Cannon 1 | . 1 . Launcher 1 | . 1 . Special Weapon 1 | . 1 . Impact Weapon . | . . . Slashing Weapon . | . . . Piercing Weapon . | . . . Special Melee Weapon . | . . . Unidentified Prototypes 1 | . . 1 Parts Lost 14 | . 2 12 Power 4 | . 1 3 Propulsion 4 | . . 4 Utility 3 | . 1 2 Weapon 3 | . . 3 Highest Loss Streak 10 | . 1 10 To Critical Strikes . | . . . Average Backups 8 | 2 9 7 Power 1 | . 1 . Propulsion 2 | 1 3 1 Utility 2 | . 3 2 Weapon 1 | . . 2 Tool/Special . | . . . Unused Backups 9 | . 5 4 Power 2 | . 1 1 Propulsion 1 | . 1 . Utility 5 | . 3 2 Weapon 1 | . . 1 Tool/Special . | . . . Average Slot Usage (%) 92 | . 97 76 Engine 6 | . 6 5 Core 6 | . 7 2 Wheel 25 | . 28 19 Device 10 | . 12 4 Storage 13 | . 14 11 Processor 3 | . . 15 Energy Gun 10 | . 14 1 Energy Cannon 3 | . . 13 Ballistic Gun 8 | . 11 . Peak Build Rating 16 | 7 11 16 Average Rating 8 | 5 8 10 On Entrance 5 | . 7 10 Avg Prop Armor Cover (%) . | . . . Naked Turns . | . . . Heaviest Build 26 | 15 22 26 Greatest Support 30 | 20 20 30 Greatest Overweight (x) 6 | . 1 6 Average Overweight (x) . | . . . Largest Inventory Capacity 10 | 8 10 10 Average Capacity 9 | 6 9 10 Most Carried 10 | 8 10 10 Average Carried 8 | 2 9 7 Final Capacity 10 | 8 10 10 Final Carried 10 | 8 10 6 Class Distribution -------------------- 76% | Mutant 23% | Scavenger-Mutant Dominant Class ---------------- Mutant | -10/Materials Mutant | -9/Materials Resources | -11 -10 -9 ----------- Run | Yrd Mat Mat Matter Collected 817 | 330 342 145 Remotely . | . . . Salvage Created 787 | 206 351 230 Parts 85 | 19 31 35 Haulers Intercepted 2 | . 2 . Recyclers Shooed 4 | 2 2 . Parts Field Recycled . | . . . Retrieved Matter . | . . . Parts Self-Destructed . | . . . Prevented . | . . . Parts Restored . | . . . Kills | -11 -10 -9 ------- Run | Yrd Mat Mat Combat Hostiles Destroyed 19 | . 7 12 Guns 5 | . 4 1 Cannons 6 | . 2 4 AOE 8 | . 1 7 Classes Destroyed 10 | 3 5 2 Worker 3 | 2 1 . Builder 4 | . 2 2 Tunneler 5 | 4 1 . Hauler 2 | . 2 . Recycler 1 | 1 . . Operator 1 | . . 1 Watcher 1 | . 1 . Swarmer 11 | . 2 9 Grunt 7 | . 5 2 Sentry 1 | . . 1 Best Kill Streak 12 | 3 3 12 Combat Bots Only 11 | . 2 11 Max Kills in Single Turn 4 | 1 2 4 Gunslinging . | . . . Exploded 4 | . 1 4 Melee . | . . . Uniques/NPCs Destroyed . | . . . Combat | -11 -10 -9 -------- Run | Yrd Mat Mat Hostile Shots Fired 253 | . 67 186 Missed 61 | . 19 42 Hits 192 | . 48 144 Projectile 192 | . 48 144 Critical Strikes 5 | . 3 2 Damage Taken 1964 | . 606 1358 Core 559 | . 150 409 Absorbed by Shields . | . . . Core Remaining (%) 70 | 100 40 . Volleys Fired 121 | 20 65 36 Largest 2 | 2 2 2 Hottest 136 | 70 83 136 Shots Fired 212 | 40 125 47 Gun 152 | 40 108 4 Cannon 55 | . 14 41 Launcher 5 | . 3 2 Special . | . . . Kinetic 80 | 20 60 . Thermal 127 | 20 62 45 Explosive 5 | . 3 2 Electromagnetic . | . . . Robot Hit Streak 6 | 6 6 6 Robot Miss Streak 4 | 4 4 4 Penetration Max . | . . . Secondary Targets . | . . . Shots Hit Robots 111 | 18 70 23 Core Hits 53 | 8 27 18 Critical Kills 1 | . 1 . Critical Parts Destroyed . | . . . Critical Strikes 4 | . 3 1 Burn 3 | . 2 1 Destroy 1 | . 1 . Melee Attacks . | . . . Impact . | . . . Slashing . | . . . Piercing . | . . . Sneak Attacks . | . . . Combat Hostiles . | . . . Follow-up Attacks . | . . . Damage Inflicted 2250 | 220 1041 989 Guns 965 | 220 688 57 Cannons 613 | . 184 429 Explosions 662 | . 159 503 Melee . | . . . Ramming 10 | . 10 . Kinetic 494 | 96 398 . Thermal 1084 | 124 474 486 Explosive 662 | . 159 503 Electromagnetic . | . . . Impact . | . . . Slashing . | . . . Piercing . | . . . Highest Corruption 3 | . 3 . Average Corruption 1 | . 1 . Corruption Purged . | . . . Corruption Blocked . | . . . Effects 6 | . 6 . Matter Fused 1 | . 1 . Heat Flow Errors 2 | . 2 . Energy Discharges 3 | . 3 . Overload Shots . | . . . Overflow Damage 34 | . 2 32 Projectiles 4 | . 2 2 Explosions 30 | . . 30 Melee . | . . . Knockbacks 4 | . 4 . Impact . | . . . Kinetic 4 | . 4 . Secondary . | . . . Self-Inflicted Damage 78 | . 39 39 Shots 2 | . 1 1 Rammed 1 | . 1 . Targets Rammed 1 | . 1 . Kicked . | . . . Crushed . | . . . Highest Temperature 347 | 45 347 306 Average Temperature 80 | 16 87 100 Received Heat Transfer 504 | . 321 183 Effects 3 | . 2 1 Short Circuit 2 | . 1 1 Damage (minor) 1 | . 1 . Siege Activations . | . . . Martial Activations . | . . . Shielding Activations . | . . . Robots Disrupted . | . . . Combat Hostiles . | . . . Robots Corrupted . | . . . Combat Hostiles . | . . . Parts Fried . | . . . Impact Corruptions . | . . . Robots Melted . | . . . Combat Hostiles . | . . . Parts Melted 5 | . 4 1 Heat Transferred 2923 | 370 1554 999 Parts Sabotaged . | . . . Parts Stolen . | . . . Parts Stripped . | . . . Power Chain Reactions . | . . . Alert | -11 -10 -9 ------- Run | Yrd Mat Mat Maximum Alert Level . | . . . Low Security (%) 100 | 100 100 100 Level 1 . | . . . Level 2 . | . . . Level 3 . | . . . Level 4 . | . . . Level 5 . | . . . High Security . | . . . Max Security . | . . . Peak Influence 187 | 15 77 187 Initial . | . . . Average 36 | 2 24 93 Influence Increases 689 | 35 267 387 Destroy 0b10 Robot/C 380 | . 140 240 Destroy 0b10 Robot/NC 85 | 35 35 15 Destroy Leader 76 | . 36 40 Disable Machine 45 | . 30 15 Destroy Structure 43 | . 26 17 Lose Combat Pursuer 60 | . . 60 Influence Decreases 532 | 35 267 230 Time Decay 412 | 35 257 120 Lost Part 120 | . 10 110 Squads Dispatched 5 | . 3 2 Investigation 1 | . 1 . Extermination . | . . . Reinforcement 4 | . 2 2 Assault . | . . . Garrison . | . . . Intercept . | . . . Searches Triggered . | . . . Construction Impeded . | . . . Haulers Reinforced . | . . . Active Scanning Responses . | . . . Cargo Convoy Interrupts . | . . . Stealth | -11 -10 -9 --------- Run | Yrd Mat Mat Distress Signals . | . . . Communications Jammed . | . . . Distress Signals . | . . . Times Spotted 40 | . 17 23 Peak Tracking Total 11 | . 4 11 Tactical Retreats 1 | . . 1 Traps | -11 -10 -9 ------- Run | Yrd Mat Mat Traps Triggered 2 | . 2 . Indirectly . | . . . Trap Hack Attempts . | . . . Triggered . | . . . Disarmed . | . . . Reprogrammed . | . . . Reused . | . . . Traps Extracted . | . . . Installed . | . . . Triggered . | . . . Machines | -11 -10 -9 ---------- Run | Yrd Mat Mat Machines Disabled 3 | . 2 1 Max in Single Turn 1 | . 1 1 Machines Repaired . | . . . Machines Dismantled . | . . . Machines Sabotaged . | . . . Overloaded Fab Kills . | . . . Hacking | -11 -10 -9 --------- Run | Yrd Mat Mat Machines Accessed 3 | . 3 . Terminals 1 | . 1 . Fabricators . | . . . Repair Stations . | . . . Recycling Units 2 | . 2 . Scanalyzers . | . . . Garrison Access . | . . . Total Hacks 9 | . 9 . Successful 4 | . 4 . Failed 5 | . 5 . Catastrophic . | . . . Database Lockouts . | . . . Manual . | . . . Terminals 4 | . 4 . Fabricators . | . . . Repair Stations . | . . . Recycling Units 5 | . 5 . Scanalyzers . | . . . Garrison Access . | . . . Terminal Hacks 1 | . 1 . Transport Status 1 | . 1 . Fabricator Hacks . | . . . Repair Station Hacks . | . . . Recycling Unit Hacks 3 | . 3 . Report Inventory 2 | . 2 . Retrieve Matter 1 | . 1 . Scanalyzer . | . . . Garrison Access Hacks . | . . . Unauthorized Hacks . | . . . Terminals . | . . . Fabricators . | . . . Repair Stations . | . . . Recycling Units . | . . . Scanalyzers . | . . . Garrison Access . | . . . Data Cores Recovered . | . . . Used . | . . . Hacking Detections 3 | . 3 . Full Trace Events 1 | . 1 . Feedback Events . | . . . Feedback Blocked . | . . . Robot Schematics Acquired . | . . . Robots Built . | . . . Authchips . | . . . Time . | . . . Total Robot Build Rating . | . . . Part Schematics Acquired . | . . . Parts Built . | . . . Authchips . | . . . Time . | . . . Total Part Build Rating . | . . . Part Studies Acquired . | . . . Parts Repaired . | . . . Time . | . . . Parts Recycled . | . . . Recycled Matter . | . . . Retrieved Matter . | . . . Retrieved Components . | . . . Parts Scanalyzed . | . . . Part Schematics Acquired . | . . . Parts Damaged . | . . . Bothacking | -11 -10 -9 ------------ Run | Yrd Mat Mat Used RIF Installer . | . . . Robots Hacked . | . . . Non-combat . | . . . Combat . | . . . Robot Hacks Applied . | . . . Relay Couplers Released . | . . . Fabnet Peak Effective % . | . . . Robots Rewired . | . . . Allies Hacked . | . . . Hacks Repelled . | . . . Allies | -11 -10 -9 -------- Run | Yrd Mat Mat Total Allies . | . . . Largest Group . | . . . Highest-Rated Group . | . . . Highest-Rated Ally . | . . . Total Orders . | . . . Ally Attacks . | . . . Total Damage . | . . . Kills . | . . . Allies Corrupted . | . . . Allies Melted . | . . . Intel | -11 -10 -9 ------- Run | Yrd Mat Mat Active Infowar (turns) 976 | 92 775 109 Sensors 871 | . 762 109 Seismic 105 | 92 13 . Robot Analysis Total . | . . . Derelict Logs Recovered . | . . . Drone Launches . | . . . Drone Recoveries . | . . . Exploration | -11 -10 -9 ------------- Run | Yrd Mat Mat Turns Passed 1373 | 193 881 299 Spaces Moved 1053 | 141 766 146 Core 26 | 6 . 20 Treads 14 | . . 14 Legs . | . . . Wheels 1013 | 135 766 112 Hover . | . . . Flight . | . . . Fastest Speed 50 | 50 80 80 Average Speed 86 | 78 81 121 Slowest Speed 350 | 80 95 350 Overloaded Moves . | . . . Propulsion Burnouts . | . . . Robots Hopped . | . . . Potential Cave-ins . | . . . Cave-ins Triggered . | . . . Exploration Rate (%) 26 | 4 67 9 Regions Visited 2 Branch Regions . Pre-discovered Areas . | . . . Known Exits Taken . | . . . Unknown Exits Taken 2 | 1 1 . Scrap Searched . | . . . Spaces Dug . | . . . Terrain Destroyed 42 | . 24 18 Melee . | . . . Projectile . | . . . AOE 42 | . 24 18 Terrain Rammed . | . . . Walls Destroyed . | . . . Machines Disabled . | . . . Actions | -11 -10 -9 --------- Run | Yrd Mat Mat Total 1321 | 182 916 223 Wait 26 | . 22 4 Move 1051 | 140 765 146 Hop . | . . . Pick Up 46 | 15 19 12 Fast Attach 5 | . 4 1 Attach 24 | 7 4 13 Detach 1 | . . 1 Swap 18 | . 14 4 Drop 28 | . 22 6 Fire 121 | 20 65 36 Melee . | . . . Ram 1 | . 1 . Kick . | . . . Crush . | . . . Escape Stasis . | . . . Rewire . | . . . Trap . | . . . Miscellaneous . | . . . Route ------- -11/Scrapyard -10/Materials (discovered 3 exits: [*Mat x2] / [*Min]) -9/Materials History --------- Turn | Location | Event 3 | -11/Scrapyard | Discovered new exit (range 15) 194 | -11/Scrapyard | Entered Materials 341 | -10/Materials | Build established: Mutant 539 | -10/Materials | Discovered new exit (range 13) 558 | -10/Materials | Core integrity fell below 50% 885 | -10/Materials | Discovered new exit (range 9) 1064 | -10/Materials | Discovered new exit (range 13) 1075 | -10/Materials | Entered another Materials area 1075 | -9/Materials | Evolved 2 slots: Propulsion x1, Utility x1 1201 | -9/Materials | Core integrity fell below 50% 1215 | -9/Materials | Core integrity fell below 20% 1237 | -9/Materials | Lost 10 parts (2p3n2u3w) 1238 | -9/Materials | Destroyed 11 combat bots 1374 | -9/Materials | Destroyed by G-34 Mercenary with Small Laser Last Messages --------------- Acquired Lgt. Treads. K-01 Serf collects debris. U-05 Engineer lays Concrete. U-05 Engineer builds a Wall. K-01 Serf collects debris. U-05 Engineer builds a Wall. U-05 Engineer lays Concrete. U-05 Engineer destroyed. U-05 Engineer builds a Wall. Acquired 19 matter. U-05 Engineer builds a Wall. U-05 Engineer destroyed. Acquired 5 matter. Dropped Lgt. Treads. Acquired Wheel. Acquired 23 matter. Acquired Wheel. Destroyed Flight Unit. Ion Engine destroyed. Wheel destroyed. Map ----- +----------------------------------------------------+ | ????????????## ##??????????????? | | ????????????# ! #??????????????? | | ????????????# #??????????????? | | ????????????+ #??????????????? | | ????????????# #??????????????? | | ????????????# #??????????????? | | ????????????## % ##??????????????? | | ????????????## ##??????????????? | | ???????????### == #??????????????? | | ???????????#|# %[##??????????????? | | ????????????##%*=####?#######????? | | ????????????#!![% ##### #????? | | ????????????#!![ * * #????? | | ????????????# [= %!*#????? | | ????????????# =%[ [ #????? | | ????????????# [ %* #### #????? | | ????????????##### ##??##s g##????? | | ????????????########???# g #?????? | | ???????????????????????# #?????? | | ???????????????????????# #?????? | | ???????????????????????# #???? # | | ???????????????????????# s #??" # | | ???????????????????????#l # # | | ???????????????????????# + """ # | | ???????????????????????# # """ # | | ???????????????#####???# @ #??"" # | | ???????????????# ""#???# #???? # | | ???????????????#""S#???# #?????? | | ?????????????###"" ##### #?????? | | ?????????????# # ####### | | ?????????????# """ # # # | | ?????????????# """ # # """ # | | ?????????????# ] """ + # """ # | | ?????????????# [ # + """ # | | ?????????????# [! # # """ # | | ?????????????# # # # | | ?????????????# ##### # | | ?????????????###########???####### | | ?????????????????????????????????? | | ?????????????????????????????????? | | ?????????????????????????????????? | | ?????????????????????????????????? | | ?????????????????????????????????? | | ?????????????????????????????????? | | ?????????????????????????????????? | | ?????????????????????????????????? | | | | | | | | | +----------------------------------------------------+ Best States ------------- Heat Dissipation 42 Energy Generation 14 Energy Capacity 265 Matter Stores 300 Matter Capacity 300 Sight Range 16 Robot Scan Range 14 Terrain Scan Density 10 Evasion (%) 44 Targeting Accuracy 5 Recoil Reduction 1 Item Schematics ----------------- None Robot Schematics ------------------ None Fabricated ------------ Nothing Repaired ---------- Nothing Studied --------- None Alien Tech Used ----------------- None Achievements -------------- None Challenges ------------ None Game ------ Seed ExpertPhysicsArray Manual? 0 Play Time 00:23:47 Cumulative 10.5 hours Start 2025.12.01 @ 20:43:56 End 2025.12.01 @ 21:05:41 Sessions 1 Manual Loads 0 Difficulty Rogue Special Mode None Game No. 24 Rogue 24 Adventurer 0 Explorer 0 Win Type - Total 0 Types 0/0/0/0/0/0/0/0/0/0 Lore% 11 Gallery% 12 Achievement% 12 Wizard Run 0 Options --------- Layout 1 ASCII 0 Keyboard 0 Movement Mouse Keybinds 0 Fullscreen 1 Font 24/Smallcaps Map View 50x35 Zoom Use 0% Tactical HUD 0 Map Filters NONE Filters NONE Steam 1 RUN: 19778e40-517d-4930-8d2c-e4b4f9fb8f6b